 Dungeon Crawl Stone Soup version 0.28.0-1-gb440e238dd (console) character file.

Game seed: 3708845426021582909

40 Kloppie the Cudgeller (level 3, 0/23 HPs)
             Began as a Gargoyle Gladiator on Feb 20, 2022.
             Slain by an adder (1 damage)
             ... on level 2 of the Dungeon.
             The game lasted 00:02:14 (1171 turns).

Kloppie the Cudgeller (Gargoyle Gladiator)          Turns: 1171, Time: 00:02:15

Health: 0/23       AC:  7    Str: 19    XL:     3   Next: 50%
Magic:  3/3        EV: 12    Int:  8    God:
Gold:   71         SH:  0    Dex: 11    Spells: 2/2 levels left

rFire   . . .      SeeInvis .   a - +0 flail
rCold   . . .      Faith    .   (no shield)
rNeg    + . .      Spirit   .   b - +0 leather armour
rPois   ∞          Reflect  .   j - +0 helmet
rElec   +          Harm     .   (no cloak)
rCorr   .          Rampage  .   (no gloves)
Will    .....                   (no boots)
Stlth   +.........              (no amulet)
HPRegen 0.07/turn               (no ring)
MPRegen 0.08/turn               (no ring)

@: no status effects
A: sickness immunity, AC +3, negative energy resistance 1, electricity
resistance, torment resistance 1, petrification resistance
a: no special abilities


You were on level 2 of the Dungeon.
You visited 1 branch of the dungeon, and saw 2 of its levels.

You collected 71 gold pieces.

Inventory:

Hand Weapons
 a - a +0 flail (weapon)
Missiles
 d - 2 throwing nets (quivered)
Armour
 b - a +0 leather armour (worn)
 c - a +0 helmet
 j - a +0 helmet (worn)
Scrolls
 f - a scroll of blinking {unknown}
 g - a scroll of enchant weapon {unknown}
 h - 2 scrolls of identify {unknown}
Potions
 e - a potion of curing {unknown}
 i - a potion of haste {unknown}


   Skills:
 + Level 3.3 Fighting
 + Level 3.7 Maces & Flails
 - Level 1.7 Throwing
 - Level 2.4 Dodging


You had 2 spell levels left.
You didn't know any spells.
Your spell library was empty.

Dungeon Overview and Level Annotations

Branches:
Dungeon (2/15)

Altars:

Annotations:
D:2 Sigmund


Innate Abilities, Weirdness & Mutations

You are immune to sickness and miasma.
Your stone body is resilient. (AC +3)
You are immune to poison.
You resist negative energy. (rN+)
You are resistant to electric shocks. (rElec)
You are resistant to unholy torment.
You are immune to petrification.


Message History

The slug dart hits you but does no damage.
The kobold hits you but does no damage.
You sock the dart slug!
You kill the dart slug!
An adder comes into view.
The kobold hits you with a +0 club. The rat bites you but does no damage.
You hit the hobgoblin.
The hobgoblin is severely wounded.
The kobold closely misses you. The rat bites you.
The hobgoblin closely misses you.
You barely miss the hobgoblin.
The hobgoblin is severely wounded.
The kobold closely misses you. The rat bites you but does no damage.
The hobgoblin hits you but does no damage.
You hit the hobgoblin.
You kill the hobgoblin!
The kobold hits you but does no damage. The rat closely misses you.
Something hits you but does no damage. The kobold barely misses you.
The rat bites you but does no damage. The adder bites you but does no damage.
The adder barely misses you. The rat closely misses you.
You see here a hobgoblin corpse.
You miss something.
You hear some strange, mumbled words.
A puff of flame appears from out of thin air!
The puff of flame hits you!
* * * LOW HITPOINT WARNING * * *
The adder bites you.
* * * LOW HITPOINT WARNING * * *
The kobold barely misses you. The rat closely misses you.
Something hits you but does no damage.
You closely miss something. The adder bites you.
* * * LOW HITPOINT WARNING * * *
The kobold closely misses you.
A rat comes into view.
The rat bites you but does no damage. The adder bites you.
* * * LOW HITPOINT WARNING * * *
Okay, then.
Throw: 3 throwing nets
Press: ? - help, Q - select action Shift-Dir - straight line
Aim: Disturbance You throw a throwing net.
Something gets caught in the net!
You hear a splash.
Something wriggles in the net.
The kobold hits you but does no damage. The rat barely misses you.
The adder bites you.
You die...

########..
......#..
......... ........
###.....# ##.
#≈#.....# ..
#≈#.....# #.
##≈#K....#
####.##.≈@r....#
#.......{.S....#
#.......≈......#
.##......###...###
.......<..##...#
..........##...#
..#..r...........
...........#...###
.##.#.##..## ..#
#.#. #.## .
##..#.#$.#


You could see an adder, a kobold and 2 rats.

Vanquished Creatures
  2 dart slugs
  7 bats (D:1)
  2 endoplasms (D:1)
  2 giant cockroaches (D:1)
  3 goblins (D:1)
  2 hobgoblins
  4 jackals (D:1)
  2 quokkas
  2 ball pythons (D:1)
  2 frilled lizards (D:1)
  4 kobolds (D:1)
  A rat (D:1)
33 creatures vanquished.

Notes
Turn   | Place    | Note
-------+----------+-------------------------------------------
     0 | D:1      | Kloppie the Gargoyle Gladiator began the quest for the Orb.
     0 | D:1      | Reached XP level 1. HP: 12/12 MP: 1/1
    36 | D:1      | Reached XP level 2. HP: 11/18 MP: 2/2
   393 | D:1      | Found a faded altar of an unknown god.
   634 | D:1      | Reached XP level 3. HP: 23/23 MP: 3/3
  1083 | D:2      | Noticed Sigmund
  1170 | D:2      | HP: 1/23 [adder (3)]
  1171 | D:2      | Slain by an adder

Illustrated notes

Levels and vault maps discovered:
D:1:      dpeg_arrival_tiny_a, layout_rooms,
          ebering_ecumenical_altar_sacrificial, serial_corexii_hall,
          corexii_hall_statues_u, chequers_hall_statues_wall_a,
          corexii_hall_statues_deadend, chequers_hall_statues_wall_a,
          minmay_tetromino_o4
D:2:      layout_rooms, minmay_misc_feat_secret_circle,
          chequers_serial_rivers_micro_b, uniq_sigmund

Skill      XL: |  1  2 |
---------------+-------+-----
Fighting       | 3 |  3.3
Maces & Flails | |  3.7
Throwing       | |  1.7
Dodging        | |  2.4

Action                   || total
-------------------------++-------
Melee: Flail             ||   104
       Punch             ||     1
Throw: Throwing net      ||     1
 Stab: Sleeping          ||     1
Armor: Leather armour    ||    80
Dodge: Dodged            ||   121
